 Dungeon Crawl Stone Soup version 0.20.1-1-g8b1a95d (webtiles) character file.

215 Internecine the Bolt Thrower (level 5, -1/44 HPs)
             Began as a Draconian Hunter on Sept 30, 2017.
             Slain by a bullfrog (3 damage)
             ... in a sewer.
             The game lasted 00:25:19 (2849 turns).

Internecine the Bolt Thrower (Draconian Hunter)     Turns: 2849, Time: 00:25:19

Health: -1/44      AC:  5    Str: 14    XL:     5   Next: 60%
Magic:  5/5        EV: 13    Int: 12    God:
Gold:   63         SH:  0    Dex: 12    Spells: 4/4 levels left

rFire    . . .     SeeInvis .   b - +0 short sword
rCold    . . .     Gourm    .   (no shield)
rNeg     . . .     Faith    .   (armour unavailable)
rPois    .         Spirit   .   (helmet restricted)
rElec    .         Reflect  .   (no cloak)
rCorr    .         Harm     .   (no gloves)
MR       .....                  (no boots)
Stlth    ++........             (no amulet)
Regen    0.2/turn               o - ring of flight
MPRegen  0.1/turn               (no ring)

@: invisible
A: unfitting armour, cold-blooded, AC +5
a: Evoke Flight


You were in a sewer.
You were not hungry.

You visited 1 branch of the dungeon, and saw 3 of its levels.
You also visited: Sewer.

You collected 63 gold pieces.

Inventory:

Hand Weapons
 a - a +1 hand crossbow
 b - a +0 short sword (weapon)
 r - a +0 hunting sling
 u - a +0 hunting sling
Missiles
 c - 5 bolts
 f - 12 poisoned needles
 h - 86 stones (quivered)
 j - 44 arrows
 m - 6 tomahawks
 t - 18 sling bullets
Jewellery
 o - a ring of flight (left hand)
 p - an uncursed ring of flight
Scrolls
 e - 3 scrolls of identify {unknown}
 q - 3 scrolls of enchant weapon {unknown}
 s - 2 scrolls of amnesia {unknown}
 v - a scroll of fear {unknown}
 w - a scroll of remove curse {unknown}
Potions
 k - a potion of heal wounds {unknown}
 n - a potion of brilliance {unknown}
Comestibles
 d - 2 bread rations
 g - 2 royal jellies
 l - 3 meat rations
 x - 8 chunks of flesh


   Skills:
 + Level 2.9 Fighting
 + Level 1.5 Short Blades
 + Level 1.5 Slings
 + Level 5.0 Crossbows
 + Level 2.7 Dodging
 + Level 1.2 Stealth


You had 4 spell levels left.
You didn't know any spells.

Dungeon Overview and Level Annotations

Branches:
Dungeon (3/15)

Altars:
Ashenzari
Ru


Innate Abilities, Weirdness & Mutations

Your plain brown scales are hard. (AC +5)
You cannot fit into any form of body armour.
You are cold-blooded and may be slowed by cold attacks.


Message History

b - a +0 short sword (weapon)
The bullfrog hits you!
Your unstable footing causes you to fumble your attack.
The bullfrog hits you.
* * * LOW HITPOINT WARNING * * *
The bullfrog misses you. The bullfrog hits you.
* * * LOW HITPOINT WARNING * * *
The bullfrog misses you. The bullfrog closely misses you.
You completely miss the bullfrog.
The bullfrog is heavily wounded.
The bullfrog hits you.
* * * LOW HITPOINT WARNING * * *
The bullfrog hits you.
* * * LOW HITPOINT WARNING * * *
The bullfrog closely misses you.
It was a potion of invisibility.
You fade into invisibility!
The ooze quivers.
The bullfrog hits you.
You die...

#.≈#≈#≈≈≈## ##≈≈#..#
#≈.#≈#∩.≈#≈≈(..≈.≈≈#≈≈#≈≈#
#≈≈#≈#≈.≈#≈.≈(≈.≈≈≈#≈≈#≈≈#
#.≈#≈##≈≈#≈≈≈≈.((.≈#≈≈#≈≈#
#≈≈#.≈#≈≈#≈≈≈≈$.(≈≈#≈≈#.≈#
#≈≈#≈≈#..#≈≈(()(..≈#≈≈#≈≈#
#≈≈≈≈≈#..##((J?.≈≈##≈.#≈≈#
#≈≈≈..#.≈≈.F(≈(≈(≈#≈÷##≈÷#
#≈≈≈≈≈###≈@F(≈≈.≈##≈≈#≈.≈#
#######≈###(≈≈≈≈##≈≈.#≈.##
#≈≈≈≈≈#######÷≈≈##≈≈#
#≈≈≈.≈≈≈.≈..≈≈≈.#.≈≈#
##≈≈##≈≈≈≈.≈≈≈≈##≈≈##
##≈.##.≈.≈≈≈÷##≈≈.#
#≈≈≈###≈≈≈###≈≈≈.#
#≈.≈≈≈#####÷≈≈≈≈##
##≈≈≈≈≈≈÷.≈≈≈≈≈##


You could see 2 bullfrogs and an ooze.

Vanquished Creatures
  5 adders
  14 oozes
  2 worms (D:2)
  10 leopard geckos
  15 giant cockroaches
  4 goblins (D:1)
  6 hobgoblins
  A jackal (D:1)
  A quokka (D:2)
  12 ball pythons
  4 bats
  17 frilled lizards
  6 kobolds
  4 rats
101 creatures vanquished.

Notes
Turn   | Place    | Note
-------+----------+-------------------------------------------
     0 | D:1      | Internecine the Draconian Hunter began the quest for the Orb.
     0 | D:1      | Reached XP level 1. HP: 17/17 MP: 1/1
   370 | D:1      | Found a shattered altar of Ashenzari.
   410 | D:1      | Reached XP level 2. HP: 25/25 MP: 2/2
   436 | D:1      | Reached skill level 4 in Crossbows
   845 | D:2      | Reached skill level 1 in Stealth
   941 | D:2      | Reached XP level 3. HP: 28/30 MP: 3/3
  1142 | D:2      | Found a sacrificial altar of Ru.
  1338 | D:2      | Reached XP level 4. HP: 37/37 MP: 4/4
  1580 | D:3      | Found a faded altar of an unknown god.
  1626 | D:3      | Found a glowing drain.
  1636 | Sewer    | Entered a sewer
  1932 | Sewer    | Reached skill level 5 in Crossbows
  2015 | Sewer    | Reached skill level 1 in Short Blades
  2248 | Sewer    | Reached XP level 5. HP: 21/44 MP: 5/5
  2645 | Sewer    | Reached skill level 1 in Slings
  2848 | Sewer    | HP: 2/44 [bullfrog (5)]
  2849 | Sewer    | Slain by a bullfrog

Skill      XL: |  1  2  3  4  5 |
---------------+----------------+-----
Crossbows      | 4 5 |  5.0
Stealth        | 1 |  1.2
Dodging        | 2 |  2.7
Short Blades   | 1 |  1.5
Slings         | 1 |  1.5
Fighting       | |  2.9

Action                   |  1- 3 |  4- 6 || total
-------------------------+-------+-------++-------
Melee: Short sword       |     4 |   225 ||   229
       Tailslap          |       |    15 ||    15
 Fire: Hand crossbow     |    76 |    39 ||   115
       Hunting sling     |       |    76 ||    76
Throw: Stone             |       |    24 ||    24
  Use: Potion            |       |     1 ||     1
  Eat: Chunk             |     1 |     6 ||     7
Armor: Skin              |    11 |   117 ||   128
Dodge: Dodged            |    22 |   274 ||   296
